Workbook

Sheet Welcome
A1: 1
A8: Read the post at:
A9: https://wmfexcel.com/?p=19840

Sheet TooManyColumns
A1: Item | B1: Buyer | C1: City | D1: State | E1: Phone | F1: Sold | G1: Paid | H1: Cost | I1: Quantity | J1: Total | K1: First Name | L1: Last Name | M1: Address | N1: City2 | O1: State3 | P1: Email | Q1: Married | R1: Balance
A2: emerald value | B2: Salvador Harris | C2: Plano | D2: Texas | E2: (142) 606-8848 | F2: 44615 | G2: Yes | H2: 78.92 | I2: 67 | J2: =TooManyColumns!$I2*TooManyColumns!$H2 -> 5287.64 | K2: Vesper | L2: Bingham | M2: 6725 Bit Ln NE | N2: Evansville | O2: Indiana | P2: towering.sleep@aol.com | Q2: Yes | R2: 57.96
A3: disillusioned reason | B3: Maren Berkeley | C3: Surprise | D3: Arizona | E3: (496) 913-9769 | F3: 44561 | G3: No | H3: 48.27 | I3: 67 | J3: =TooManyColumns!$I3*TooManyColumns!$H3 -> 3234.09 | K3: Beatrice | L3: Rowe | M3: 7202 Mass Blvd W | N3: Paterson | O3: New Jersey | P3: throne64@square.com | Q3: No | R3: 95.23
A4: connection | B4: Marquise Gifford | C4: Laredo | D4: Texas | E4: (385) 384-7128 | F4: 44575 | G4: Yes | H4: 47.4 | I4: 73 | J4: =TooManyColumns!$I4*TooManyColumns!$H4 -> 3460.2 | K4: Erika | L4: Bagley | M4: 337 Hate Avenue NW | N4: Waco | O4: Texas | P4: harbor72@gmail.com | Q4: No | R4: 55.74
A5: board | B5: Amina Pringle | C5: Baltimore | D5: Maryland | E5: (747) 765-1959 | F5: 44564 | G5: Yes | H5: 43.99 | I5: 76 | J5: =TooManyColumns!$I5*TooManyColumns!$H5 -> 3343.24 | K5: Alyson | L5: Dinsmor | M5: 289 Breakfast Avenue S | N5: Huntsville | O5: Alabama | P5: nonstophen73@aol.com | Q5: Yes | R5: 27.31
A6: nondescript money | B6: Maddison Gaston | C6: McAllen | D6: Texas | E6: (550) 860-1750 | F6: 44608 | G6: No | H6: 24.22 | I6: 56 | J6: =TooManyColumns!$I6*TooManyColumns!$H6 -> 1356.32 | K6: Irving | L6: Thwaite | M6: 562 Country Ln | N6: Los Angeles | O6: California | P6: energeticshow32@outlook.com | Q6: No | R6: 11.23
A7: gorgeous veil | B7: Jaydin Hasbrouck | C7: Palmdale | D7: California | E7: (245) 300-4304 | F7: 44590 | G7: No | H7: 84.55 | I7: 85 | J7: =TooManyColumns!$I7*TooManyColumns!$H7 -> 7186.75 | K7: Miley | L7: Needham | M7: 972 Journey St | N7: Montgomery | O7: Alabama | P7: turn55@lizard.biz | Q7: No | R7: 1.41
A8: msu green space | B8: Arturo Getty | C8: Pasadena | D8: Texas | E8: (838) 682-2822 | F8: 44583 | G8: No | H8: 44.16 | I8: 85 | J8: =TooManyColumns!$I8*TooManyColumns!$H8 -> 3753.6 | K8: Micah | L8: Binney | M8: 633 Plot Ave | N8: Lincoln | O8: Nebraska | P8: fastroad@hotmail.com | Q8: Yes | R8: 86
A9: skinny jam | B9: Nolan Hope | C9: Alexandria | D9: Virginia | E9: (693) 156-9264 | F9: 44617 | G9: Yes | H9: 28.45 | I9: 86 | J9: =TooManyColumns!$I9*TooManyColumns!$H9 -> 2446.7 | K9: Valentina | L9: Schellden | M9: 354 Need Boulevard | N9: Vacaville | O9: California | P9: vegetable@whistle.com | Q9: No | R9: 90.5
A10: control | B10: Ashton Ogden | C10: Sandy Springs | D10: Georgia | E10: (971) 170-3056 | F10: 44628 | G10: No | H10: 43.1 | I10: 41 | J10: =TooManyColumns!$I10*TooManyColumns!$H10 -> 1767.1 | K10: Aylin | L10: Barwick | M10: 770 Cart Blvd E | N10: Overland Park | O10: Kansas | P10: slippery.view@gmail.com | Q10: Yes | R10: 36.87
A11: curvy interest | B11: Althea Hathaway | C11: Kansas City | D11: Missouri | E11: (786) 819-3417 | F11: 44619 | G11: Yes | H11: 9.7 | I11: 46 | J11: =TooManyColumns!$I11*TooManyColumns!$H11 -> 446.2 | K11: Axel | L11: Pérez | M11: 723 Nail St | N11: Raleigh | O11: North Carolina | P11: upbeatneed15@system.com | Q11: Yes | R11: 26.15
A12: silver bird | B12: Scarlett Frothingham | C12: Vacaville | D12: California | E12: (450) 399-6790 | F12: 44611 | G12: No | H12: 54.3 | I12: 71 | J12: =TooManyColumns!$I12*TooManyColumns!$H12 -> 3855.3 | K12: Dylan | L12: Clark | M12: 8932 Jean Boulevard N | N12: Peoria | O12: Arizona | P12: tendowntown@aol.com | Q12: Yes | R12: 17.93
A13: wash | B13: Avery Goring | C13: Kent | D13: Washington | E13: (882) 838-5612 | F13: 44631 | G13: No | H13: 45.63 | I13: 32 | J13: =TooManyColumns!$I13*TooManyColumns!$H13 -> 1460.16 | K13: Richard | L13: Carvalho | M13: 608 Letter Street | N13: Athens | O13: Georgia | P13: expert@outlook.com | Q13: Yes | R13: 56.83
... A31: davy's grey melon | B31: Haleigh Buxton | C31: Sunnyvale | D31: California | E31: (836) 675-4422 | F31: 44572 | G31: Yes | H31: 62.73 | I31: 46 | J31: =TooManyColumns!$I31*TooManyColumns!$H31 -> 2885.58 | K31: Destinee | L31: Larsen | M31: 832 Square Boulevard | N31: Las Cruces | O31: New Mexico | P31: bike33@outlook.com | Q31: No | R31: 48.3

Sheet Sample
A1: Index | B1: State | C1: Date | D1: Quantity
A2: 1 | B2: Texas | C2: 44615 | D2: 67
A3: 2 | B3: Arizona | C3: 44561 | D3: 67
A4: 3 | B4: Texas | C4: 44575 | D4: 73
A5: 4 | B5: Maryland | C5: 44564 | D5: 76
A6: 5 | B6: Texas | C6: 44608 | D6: 56
A7: 6 | B7: California | C7: 44590 | D7: 85
A8: 7 | B8: Texas | C8: 44583 | D8: 85
A9: 8 | B9: Virginia | C9: 44617 | D9: 86
A10: 9 | B10: Georgia | C10: 44628 | D10: 41
A11: 10 | B11: Missouri | C11: 44619 | D11: 46
A12: 11 | B12: California | C12: 44611 | D12: 71
A13: 12 | B13: Washington | C13: 44631 | D13: 32
... A21: 20 | B21: California | C21: 44612 | D21: 21
C23: abc
A24: End of Record

Sheet UseCase
A1: Column1
A2: Anna
A3: Address 1
A4: Address 2
A5: Address3
A6: Ben
A7: Address 1
A8: Address 2
A9: Address3
A10: Carmen
A11: Address 1
A12: Address 2
... A25: Address3
